[Event "January 9 Early 2024"]
[Site "https://www.chess.com"]
[Date "2024.01.11"]
[Round "5"]
[White "Sokolovsky, Yahli"]
[Black "Sadhwani, Raunak"]
[Result "1-0"]
[Board "289"]
[TimeControl "180+1"]
[WhiteFideId "2820242"]
[BlackFideId "35093487"]
[WhiteElo "2777"]
[BlackElo "3060"]
[WhiteTeam "ISR"]
[BlackTeam "IND"]
[WhiteClock "0:00:05"]
[BlackClock "0:00:02"]

1. b3 e5 2. Bb2 Nc6 3. e3 Nf6 4. Nf3 e4 5. Nd4 Bc5 6. Nxc6 dxc6 7. d4 Bd6 8. c4 Bf5 9. Nc3 Qd7 10. Be2 O-O-O 11. Qc2 h5 12. O-O-O h4 13. h3 Kb8 14. Kb1 a6 15. a3 Rh6 16. Rd2 Rg6 17. Rhd1 Rxg2 18. Bf1 Rg1 19. Na4 Bxh3 20. Nc5 Qf5 21. Bxh3 Rxd1+ 22. Rxd1 Qxh3 23. Nxe4 Nxe4 24. Qxe4 f5 25. Qh1 Qxh1 26. Rxh1 g5 27. f4 gxf4 28. exf4 Rh8 29. Bc1 Be7 30. Kc2 Kc8 31. Kd3 Rg8 32. Be3 Rg4 33. Ke2 Bxa3 34. c5 Bb4 35. Kf3 Kd7 36. Bf2 Bd2 37. Bxh4 Rxf4+ 38. Ke2 Rxd4 39. Bf2 Rd5 40. Rh7+ Ke6 41. Rxc7 Bb4 42. Rxb7 a5 43. Rc7 Rd2+ 44. Ke3 Rb2 45. Rxc6+ Kd5 46. Rd6+ Kxc5 47. Rd3 Kb5 48. Kf3 Bc5 49. Bg3 Kb4 50. Be1+ Kb5 51. Bg3 Bb6 52. Bd6 Kc6 53. Be7 Rf2+ 54. Kg3 Rf1 55. Bg5 Bc7+ 56. Kg2 Rb1 57. Kf3 Bd6 58. Bf6 f4 59. Bg5 Rf1+ 60. Kg2 Re1 61. Kf3 Rf1+ 62. Kg2 Rb1 63. Kf3 Be5 64. Ke4 Re1+ 65. Kf3 Bb8 66. Rd2 Re3+ 67. Kg4 Rg3+ 68. Kf5 Rxb3 69. Rc2+ Kd7 70. Ra2 Bc7 71. Rd2+ Kc8 72. Rc2 Rb5+ 73. Kg4 Rb4 74. Be7 Rd4 75. Bc5 Re4 76. Bd6 f3+ 77. Kxf3 Ra4 78. Bxc7 Kd7 79. Bf4 Rb4 80. Be3 a4 81. Ke2 Ke6 82. Rc6+ Kd5 83. Ra6 Kc4 84. Bd2 Kb5 85. Ra8 Rd4 86. Ra5+ Kb6 87. Ra8 Kb5 88. Kd1 Rc4 89. Ra5+ Kc6 90. Ra8 Kd5 91. Ke2 Ke4 92. Ra7 Kd4 93. Ra5 Ke4 94. Rh5 Kd4 95. Rg5 Ke4 96. Rg4+ Kd5 97. Rg8 Kd4 98. Rd8+ Ke4 99. Kd1 Rd4 100. Re8+ Kd3 101. Rc8 Rc4 102. Rd8+ Rd4 103. Ra8 Rh4 104. Rd8+ Rd4 105. Rg8 Rc4 106. Rg3+ Kd4 107. Bc1 Ke4 108. Bb2 Kd5 109. Kd2 Kc5 110. Ba3+ Kd4 111. Rg4+ Kd5 112. Rg5+ Ke4 113. Bb2 Kf4 114. Rh5 Ke4 115. Rh7 Kf5 116. Re7 Re4 117. Ra7 Ke6 118. Kd3 Rg4 119. Bd4 a3 120. Rxa3 Rg3+ 121. Be3 Rg4 122. Ra6+ Kd5 123. Ra5+ Kc6 124. Bd4 Rg2 125. Kc4 Rc2+ 126. Bc3 Rc1 127. Rh5 Kc7 128. Rh6 Kc8 129. Kd4 Kc7 130. Bb4 Rc6 131. Rh7+ Kb6 132. Rh8 Rc1 133. Kd5 Rd1+ 134. Kc4 Rc1+ 135. Bc3 Kc7 136. Rh6 Kd7 137. Kd4 Kc7 138. Bb4 Rc6 139. Rh5 Kb6 140. Bc5+ Kb5 141. Re5 Rc8 142. Bd6+ Kb6 143. Re1 Rc2 144. Be5 Kc6 145. Rh1 Kb5 146. Rh5 Kc6 147. Rh6+ Kb5 148. Rh8 Kb6 149. Rb8+ Ka7 150. Rb1 Ka6 151. Kd5 Rc8 152. Bd6 Rc2 153. Bc5 Rd2+ 154. Kc6 Ra2 155. Rb8 1-0

[Event "January 9 Early 2024"]
[Site "https://www.chess.com"]
[Date "2024.01.11"]
[Round "6"]
[White "Spichkin, Alexander"]
[Black "Andreev, Konstantin"]
[Result "1-0"]
[Board "2"]
[TimeControl "180+1"]
[WhiteFideId "4144074"]
[BlackFideId "24239305"]
[WhiteElo "2408"]
[BlackElo "2520"]
[WhiteTeam "RUS"]
[BlackTeam "ITA"]
[WhiteClock "0:02:19"]
[BlackClock "0:02:43"]

1. f4 d5 2. Nf3 Nf6 3. e3 b6 4. Be2 e6 5. O-O Be7 6. b3 O-O 7. Bb2 c5 8. Ne5 Bb7 9. Rf3 Nbd7 10. Rg3 Kh8 11. Bd3 Nxe5 12. Bxe5 Bd6 13. Rh3 Ne4 14. Qh5 1-0

[Event "January 9 Early 2024"]
[Site "https://www.chess.com"]
[Date "2024.01.11"]
[Round "6"]
[White "Bhagyashree Patil"]
[Black "Vakhidov, Shahzod"]
[Result "0-1"]
[Board "3"]
[TimeControl "180+1"]
[WhiteFideId "25053256"]
[BlackFideId "14205270"]
[WhiteElo "2337"]
[BlackElo "2521"]
[WhiteTeam "IND"]
[BlackTeam "UZB"]
[WhiteClock "0:02:16"]
[BlackClock "0:02:24"]

1. d4 Nf6 2. Nf3 g6 3. e3 Bg7 4. Be2 O-O 5. O-O d5 6. c4 c5 7. Nc3 cxd4 8. Nxd4 dxc4 9. Bxc4 a6 10. Be2 e5 11. Nb3 Qc7 12. Bf3 Rd8 13. Qe2 Be6 14. Bd2 Bc4 15. Qe1 Bxf1 16. Kxf1 0-1

[Event "January 9 Early 2024"]
[Site "https://www.chess.com"]
[Date "2024.01.11"]
[Round "6"]
[White "Zaksaite, Salomeja"]
[Black "Mammadov, Ziya"]
[Result "0-1"]
[Board "4"]
[TimeControl "180+1"]
[WhiteFideId "12801496"]
[BlackFideId "13418890"]
[WhiteElo "2289"]
[BlackElo "1979"]
[WhiteTeam "LTU"]
[BlackTeam "AZE"]
[WhiteClock "0:02:16"]
[BlackClock "0:02:17"]

1. e4 e6 2. d4 d5 3. exd5 exd5 4. Bd3 Nf6 5. Nc3 c5 6. dxc5 Nc6 7. Nge2 Bxc5 8. Bg5 O-O 9. O-O Be6 10. Qd2 Be7 11. Rfe1 Ne4 12. Nxe4 dxe4 13. Bxe7 Nxe7 0-1

[Event "January 9 Early 2024"]
[Site "https://www.chess.com"]
[Date "2024.01.11"]
[Round "6"]
[White "Haldorsen, Benjamin"]
[Black "Arslanov, Shamil"]
[Result "0-1"]
[Board "5"]
[TimeControl "180+1"]
[WhiteFideId "1512633"]
[BlackFideId "4192826"]
[WhiteElo "2430"]
[BlackElo "2627"]
[WhiteTeam "NOR"]
[BlackTeam "RUS"]
[WhiteClock "0:02:26"]
[BlackClock "0:01:57"]

1. Nf3 d6 2. g3 e5 3. Bg2 f5 4. O-O Nf6 5. d4 e4 6. Ne1 Be7 7. c4 O-O 8. Nc3 c5 9. d5 Nbd7 10. f3 Ne5 11. b3 Bd7 12. fxe4 fxe4 13. Nxe4 Nxe4 14. Rxf8+ Qxf8 15. Bxe4 Qf6 16. Rb1 Rf8 17. Nf3 Bf5 18. Bg5 Nxf3+ 0-1

[Event "January 9 Early 2024"]
[Site "https://www.chess.com"]
[Date "2024.01.11"]
[Round "6"]
[White "Ozer, Omer Faruk"]
[Black "Daneshvar, Bardiya"]
[Result "0-1"]
[Board "6"]
[TimeControl "180+1"]
[WhiteFideId "6354564"]
[BlackFideId "12576468"]
[WhiteElo "2753"]
[BlackElo "2949"]
[WhiteTeam "TUR"]
[BlackTeam "IRI"]
[WhiteClock "0:01:51"]
[BlackClock "0:02:27"]

1. e4 c6 2. d4 Na6 3. Nf3 Nc7 4. h3 g6 5. Bd3 Bg7 6. O-O d6 7. c4 e5 8. d5 Nf6 9. Nc3 c5 10. a3 O-O 11. b4 b6 12. Bd2 Nfe8 13. a4 cxb4 14. Nb5 a5 15. Be3 Na6 16. Nd2 Nc5 17. Nb3 f5 18. Nxc5 bxc5 19. f3 f4 20. Bf2 Bf6 21. Kh1 Bh4 22. Ra2 Bxf2 23. Raxf2 Ng7 24. Qe1 Nh5 0-1

[Event "January 9 Early 2024"]
[Site "https://www.chess.com"]
[Date "2024.01.11"]
[Round "6"]
[White "Kuhn, Clement"]
[Black "Bashirli, Saadat"]
[Result "1-0"]
[Board "7"]
[TimeControl "180+1"]
[WhiteFideId "36099775"]
[BlackFideId "13429990"]
[WhiteElo "2576"]
[BlackElo "2408"]
[WhiteTeam "FRA"]
[BlackTeam "AZE"]
[WhiteClock "0:02:27"]
[BlackClock "0:01:53"]

1. e4 e5 2. Nc3 Nc6 3. g3 Nf6 4. Bg2 Bc5 5. Nge2 O-O 6. O-O d6 7. d3 Bg4 8. h3 Bxe2 9. Qxe2 h6 10. Kh2 Nd4 11. Qd1 c6 12. f4 exf4 13. gxf4 Re8 14. f5 d5 15. Bf4 Bd6 16. Kh1 Bxf4 17. Rxf4 dxe4 18. dxe4 Qd6 19. e5 Qxe5 20. Qxd4 Qe7 21. Rff1 Rad8 22. Qf2 Qc7 23. Rae1 Re2 24. Nxe2 1-0

[Event "January 9 Early 2024"]
[Site "https://www.chess.com"]
[Date "2024.01.11"]
[Round "6"]
[White "Swicarz, Maciej"]
[Black "Martinez Ramirez, Lennis"]
[Result "0-1"]
[Board "8"]
[TimeControl "180+1"]
[WhiteFideId "1113585"]
[BlackFideId "3509079"]
[WhiteElo "2494"]
[BlackElo "2719"]
[WhiteTeam "POL"]
[BlackTeam "CUB"]
[WhiteClock "0:01:56"]
[BlackClock "0:02:15"]

1. e4 c5 2. Nf3 Nc6 3. d4 cxd4 4. Nxd4 Qc7 5. c4 Nf6 6. Nc3 e6 7. Ndb5 Qb8 8. a3 a6 9. Nd4 Qe5 10. Nxc6 bxc6 11. Bd3 Bc5 12. O-O g5 13. Qe2 h5 14. Be3 Ng4 15. g3 Nxe3 16. fxe3 h4 17. Kg2 a5 18. Qf3 Rh7 19. Ne2 Rb8 20. Rab1 Rxb2 21. Rxb2 Qxb2 22. e5 Rg7 23. Qxf7+ Rxf7 0-1

[Event "January 9 Early 2024"]
[Site "https://www.chess.com"]
[Date "2024.01.11"]
[Round "6"]
[White "Sasvatha A"]
[Black "Skiadopoulos, Nikolaos"]
[Result "1-0"]
[Board "9"]
[TimeControl "180+1"]
[WhiteFideId "45010862"]
[BlackFideId "4200772"]
[WhiteElo "2165"]
[BlackElo "1929"]
[WhiteTeam "IND"]
[BlackTeam "GRE"]
[WhiteClock "0:02:20"]
[BlackClock "0:01:54"]

1. Nc3 d5 2. d4 Nf6 3. b3 g6 4. Bb2 Bg7 5. Qd2 O-O 6. O-O-O a5 7. f3 a4 8. Nxa4 b5 9. Nc3 Bd7 10. e3 b4 11. Nb1 Rxa2 12. Qxb4 Rxb2 13. Kxb2 Nc6 14. Qd2 Qa8 15. Bd3 Na5 16. Nc3 Rb8 17. Nge2 Bb5 18. Bxb5 c5 19. Ra1 cxd4 20. exd4 1-0

[Event "January 9 Early 2024"]
[Site "https://www.chess.com"]
[Date "2024.01.11"]
[Round "6"]
[White "Mirza, Diana"]
[Black "Joie, Sebastien"]
[Result "0-1"]
[Board "11"]
[TimeControl "180+1"]
[WhiteFideId "2503999"]
[BlackFideId "650420"]
[WhiteElo "1999"]
[BlackElo "2438"]
[WhiteTeam "IRL"]
[BlackTeam "FRA"]
[WhiteClock "0:02:30"]
[BlackClock "0:01:56"]

1. d4 d5 2. Nf3 Nf6 3. e3 Bf5 4. Bd3 Bg6 5. O-O e6 6. b3 Bd6 7. Bb2 O-O 8. Ne5 c5 9. Nd2 Nc6 10. f4 cxd4 11. Bxg6 hxg6 12. exd4 Qb6 13. Ndf3 Rfd8 14. Qe2 Ne4 15. Ng5 Bxe5 16. Nxe4 Bxd4+ 17. Bxd4 Nxd4 0-1

[Event "January 9 Early 2024"]
[Site "https://www.chess.com"]
[Date "2024.01.11"]
[Round "6"]
[White "Hnatyshyn, Anastasiia"]
[Black "Rogov, Matfey"]
[Result "0-1"]
[Board "12"]
[TimeControl "180+1"]
[WhiteFideId "14198339"]
[BlackFideId "44191308"]
[WhiteElo "2274"]
[BlackElo "2551"]
[WhiteTeam "UKR"]
[BlackTeam "RUS"]
[WhiteClock "0:02:11"]
[BlackClock "0:01:51"]

1. Nc3 Nf6 2. e4 e5 3. Nf3 Nc6 4. Bc4 Nxe4 5. Nxe4 d5 6. Bd3 dxe4 7. Bxe4 Bd6 8. d3 Ne7 9. d4 f5 10. dxe5 Bb4+ 11. c3 Qxd1+ 12. Kxd1 fxe4 13. cxb4 exf3 14. gxf3 Be6 15. f4 O-O-O+ 16. Kc2 Nc6 17. a3 Nd4+ 18. Kc3 Ne2+ 19. Kc2 Bf5+ 20. Kb3 Rd3+ 21. Ka2 Be6+ 22. Kb1 Bf5 23. Ka2 Rhd8 24. Be3 Be6+ 25. Kb1 Bb3 0-1

[Event "January 9 Early 2024"]
[Site "https://www.chess.com"]
[Date "2024.01.11"]
[Round "6"]
[White "Sadhwani, Raunak"]
[Black "Buscar, Michael"]
[Result "1-0"]
[Board "13"]
[TimeControl "180+1"]
[WhiteFideId "35093487"]
[BlackFideId "2603616"]
[WhiteElo "3060"]
[BlackElo "2430"]
[WhiteTeam "IND"]
[BlackTeam "CAN"]
[WhiteClock "0:02:21"]
[BlackClock "0:01:03"]

1. e4 c5 2. Nc3 Nf6 3. g4 d5 4. Bb5+ Nc6 5. exd5 Nxd5 6. Qf3 Nb4 7. Ba4 Qd4 8. h3 Bd7 9. Nge2 Qe5 10. d3 Nd4 11. Bxd7+ Kd8 12. Qxb7 Rb8 13. Qxa7 Nbxc2+ 14. Kd1 Nxe2 15. Nxe2 Nxa1 16. Bf4 Qxb2 17. Qc7# 1-0

[Event "January 9 Early 2024"]
[Site "https://www.chess.com"]
[Date "2024.01.11"]
[Round "6"]
[White "Quirke, Jeffrey"]
[Black "Ladan, Nicholas"]
[Result "0-1"]
[Board "14"]
[TimeControl "180+1"]
[WhiteFideId "2013029"]
[BlackFideId "30918855"]
[WhiteElo "2124"]
[BlackElo "2482"]
[WhiteTeam "USA"]
[BlackTeam "USA"]
[WhiteClock "0:01:23"]
[BlackClock "0:02:06"]

1. e4 Nf6 2. e5 Nd5 3. Nc3 e6 4. Bc4 Nb6 5. Bb3 d6 6. d4 dxe5 7. dxe5 Qxd1+ 8. Nxd1 Nc6 9. Nf3 Na5 10. O-O Bd7 11. Bf4 h6 12. h4 O-O-O 13. Nc3 Bc6 14. Nd2 Be7 15. h5 Bg5 16. Bxg5 hxg5 17. Nde4 Rxh5 18. Ng3 Rh4 19. f3 a6 20. Kf2 Rd2+ 21. Nce2 Nxb3 22. axb3 Rxc2 0-1

[Event "January 9 Early 2024"]
[Site "https://www.chess.com"]
[Date "2024.01.11"]
[Round "6"]
[White "Delorme, Axel"]
[Black "Girsh, Daniel"]
[Result "1-0"]
[Board "15"]
[TimeControl "180+1"]
[WhiteFideId "632023"]
[BlackFideId "30949190"]
[WhiteElo "2508"]
[BlackElo "2628"]
[WhiteTeam "FRA"]
[BlackTeam "USA"]
[WhiteClock "0:01:51"]
[BlackClock "0:01:53"]

1. e4 c6 2. d4 d5 3. Nc3 dxe4 4. Nxe4 Bf5 5. Ng3 Bg6 6. h4 h6 7. Nf3 Nd7 8. h5 Bh7 9. Bd3 Bxd3 10. Qxd3 e6 11. Bd2 Ngf6 12. O-O-O Be7 13. Kb1 O-O 14. Ne4 Nxe4 15. Qxe4 Nf6 16. Qe2 Qd5 17. Be3 b5 18. Ne5 a5 19. g4 Ne4 20. Rhg1 a4 21. f3 Nd6 22. g5 hxg5 23. Bxg5 f6 24. Ng6 Ra7 25. Nxf8 Kxf8 26. h6 fxg5 27. h7 Nf7 28. Qh2 1-0

[Event "January 9 Early 2024"]
[Site "https://www.chess.com"]
[Date "2024.01.11"]
[Round "6"]
[White "Tilahun , Abel Mathewos"]
[Black "Ezat, Mohamed"]
[Result "0-1"]
[Board "16"]
[TimeControl "180+1"]
[WhiteFideId "15702391"]
[BlackFideId "10600906"]
[WhiteElo "2016"]
[BlackElo "2464"]
[WhiteTeam "ETH"]
[BlackTeam "EGY"]
[WhiteClock "0:01:38"]
[BlackClock "0:02:01"]

1. d4 c5 2. c4 cxd4 3. Qxd4 Nc6 4. Qd1 Nf6 5. Nf3 e5 6. g3 e4 7. Bg2 exf3 8. Bxf3 Bb4+ 9. Nc3 Ne5 10. Bg2 O-O 11. Qb3 Qa5 12. Bd2 Re8 13. O-O d6 14. a3 Bxc3 15. Bxc3 Qb6 16. Qa2 Be6 17. b3 a5 18. a4 Nfd7 19. Rad1 Nc5 20. Rb1 Bf5 21. Rb2 Be4 22. Bd4 Bxg2 23. Kxg2 Qc6+ 24. Kg1 Ncd3 25. exd3 Nf3+ 26. Kg2 Ne1+ 27. Kh3 Qg2+ 28. Kg4 Qf3+ 29. Kh3 Qh5# 0-1

[Event "January 9 Early 2024"]
[Site "https://www.chess.com"]
[Date "2024.01.11"]
[Round "6"]
[White "Akobian, Varuzhan"]
[Black "Ter-Sahakyan, Samvel"]
[Result "1-0"]
[Board "17"]
[TimeControl "180+1"]
[WhiteFideId "13300580"]
[BlackFideId "13302531"]
[WhiteElo "2703"]
[BlackElo "2900"]
[WhiteTeam "USA"]
[BlackTeam "ARM"]
[WhiteClock "0:02:05"]
[BlackClock "0:01:10"]

1. d4 Nf6 2. c4 e6 3. Nf3 d5 4. cxd5 exd5 5. Nc3 c6 6. Qc2 Na6 7. a3 Nc7 8. Bg5 Be7 9. e3 O-O 10. Bd3 h6 11. Bh4 Ne6 12. O-O Re8 13. b4 a5 14. Rab1 axb4 15. axb4 b5 16. Ne5 Bb7 17. Ne2 Rc8 18. Bf5 Rc7 19. Nxf7 Kxf7 20. Bxe6+ Kxe6 21. Nf4+ Kf7 22. Qg6+ Kg8 23. Ne6 1-0

[Event "January 9 Early 2024"]
[Site "https://www.chess.com"]
[Date "2024.01.11"]
[Round "6"]
[White "Ratnesan, Ranesh"]
[Black "Boyer, Mahel"]
[Result "0-1"]
[Board "18"]
[TimeControl "180+1"]
[WhiteFideId "439339"]
[BlackFideId "45102422"]
[WhiteElo "2320"]
[BlackElo "2651"]
[WhiteTeam "ENG"]
[BlackTeam "FRA"]
[WhiteClock "0:01:23"]
[BlackClock "0:01:41"]

1. d4 d5 2. c4 e6 3. Nc3 a6 4. Bf4 dxc4 5. a4 Nc6 6. e3 Na5 7. Nf3 Nf6 8. Nd2 Nd5 9. Bg3 Nb6 10. h4 Bd6 11. Bxd6 cxd6 12. Qg4 O-O 13. e4 e5 14. Qd1 exd4 15. Ne2 Qf6 16. Nf3 d3 17. Nc3 Bg4 18. b4 Qxc3+ 0-1

[Event "January 9 Early 2024"]
[Site "https://www.chess.com"]
[Date "2024.01.11"]
[Round "6"]
[White "Skatchkov, Valery"]
[Black "Mikhailovsky, Vladimir"]
[Result "1-0"]
[Board "19"]
[TimeControl "180+1"]
[WhiteFideId "24195812"]
[BlackFideId "34105414"]
[WhiteElo "2621"]
[BlackElo "2823"]
[WhiteTeam "RUS"]
[BlackTeam "RUS"]
[WhiteClock "0:02:31"]
[BlackClock "0:01:07"]

1. d4 d6 2. e4 Nf6 3. Nc3 Nbd7 4. Nf3 e5 5. Bc4 Be7 6. O-O O-O 7. a4 a5 8. Re1 c6 9. h3 Qc7 10. Be3 Nb6 11. Bb3 Nfd7 12. Qd2 exd4 13. Nxd4 Nc5 14. Nf5 Bxf5 15. exf5 Nxb3 16. cxb3 d5 17. Bxb6 Qxb6 18. Rxe7 Qxb3 19. f6 gxf6 20. Re3 Kh8 21. Qd4 Rg8 22. Qxf6+ Rg7 23. Rg3 Rg8 24. Re1 1-0

[Event "January 9 Early 2024"]
[Site "https://www.chess.com"]
[Date "2024.01.11"]
[Round "6"]
[White "Boldoo, Erdenepurev"]
[Black "Zgadzaj, Rafal"]
[Result "1-0"]
[Board "20"]
[TimeControl "180+1"]
[WhiteFideId "4901037"]
[BlackFideId "1113712"]
[WhiteElo "2557"]
[BlackElo "2343"]
[WhiteTeam "MGL"]
[BlackTeam "POL"]
[WhiteClock "0:01:20"]
[BlackClock "0:01:56"]

1. d4 c6 2. c4 f5 3. Nf3 Nf6 4. g3 d6 5. Bg2 g6 6. O-O Bg7 7. Nc3 O-O 8. b3 a5 9. Bb2 Na6 10. a3 Qc7 11. Rc1 e5 12. dxe5 dxe5 13. Nb5 cxb5 14. cxb5 Qd7 15. bxa6 e4 16. Qxd7 Nxd7 17. Bxg7 Kxg7 18. axb7 Bxb7 19. Rc7 Rf7 20. Ng5 Rc8 21. Rxb7 Re7 22. Rd1 h6 23. Rbxd7 Rxd7 24. Rxd7+ Kf6 25. Nh3 1-0

[Event "January 9 Early 2024"]
[Site "https://www.chess.com"]
[Date "2024.01.11"]
[Round "6"]
[White "Kochiev, Ivan"]
[Black "Bachmann, Axel"]
[Result "0-1"]
[Board "21"]
[TimeControl "180+1"]
[WhiteFideId "2917890"]
[BlackFideId "3700488"]
[WhiteElo "2582"]
[BlackElo "2903"]
[WhiteTeam "BUL"]
[BlackTeam "PAR"]
[WhiteClock "0:01:33"]
[BlackClock "0:01:43"]

1. e4 Nc6 2. Nf3 d6 3. d4 Nf6 4. Nc3 Bg4 5. Be3 e6 6. h3 Bh5 7. Bc4 d5 8. exd5 exd5 9. Be2 Bb4 10. O-O O-O 11. Ne5 Bxc3 12. bxc3 Bxe2 13. Qxe2 Re8 14. Nxc6 bxc6 15. Rab1 Qc8 16. Rb3 Ne4 17. c4 Qa6 18. Rfb1 dxc4 19. R1b2 Nd6 20. Rb4 Qa3 21. Qf3 a5 0-1

[Event "January 9 Early 2024"]
[Site "https://www.chess.com"]
[Date "2024.01.11"]
[Round "6"]
[White "Gatterer, Florian"]
[Black "Zhu, Jiner"]
[Result "0-1"]
[Board "22"]
[TimeControl "180+1"]
[WhiteFideId "811688"]
[BlackFideId "8608059"]
[WhiteElo "2425"]
[BlackElo "2611"]
[WhiteTeam "ITA"]
[BlackTeam "CHN"]
[WhiteClock "0:02:07"]
[BlackClock "0:02:10"]

1. e4 c5 2. c3 d5 3. exd5 Qxd5 4. d4 Nc6 5. Nf3 Nf6 6. Be3 cxd4 7. Nxd4 e5 8. Nxc6 Qxd1+ 9. Kxd1 bxc6 10. Nd2 Ng4 11. Bg5 Nxf2+ 12. Ke2 Nxh1 13. g3 f6 14. Be3 Bg4+ 15. Ke1 Be6 16. Bg2 Bd5 17. Ne4 f5 18. c4 Bxe4 19. Bxe4 fxe4 20. Ke2 Nxg3+ 21. hxg3 Be7 22. b4 h5 23. b5 cxb5 24. cxb5 h4 25. gxh4 Rxh4 26. a4 Rh2+ 27. Kf1 Rh1+ 28. Bg1 Bc5 29. Kg2 Rxg1+ 30. Rxg1 Bxg1 31. Kxg1 Rc8 0-1

[Event "January 9 Early 2024"]
[Site "https://www.chess.com"]
[Date "2024.01.11"]
[Round "6"]
[White "Nouali, Mohamed"]
[Black "Castellano, Christopher"]
[Result "1-0"]
[Board "23"]
[TimeControl "180+1"]
[WhiteFideId "5502462"]
[BlackFideId "5203651"]
[WhiteElo "2576"]
[BlackElo "2366"]
[WhiteTeam "TUN"]
[BlackTeam "PHI"]
[WhiteClock "0:01:28"]
[BlackClock "0:01:42"]

1. e4 g6 2. d4 Bg7 3. Nc3 d6 4. Be3 a6 5. Qd2 Nd7 6. O-O-O e6 7. f4 Ne7 8. Nf3 b5 9. Bd3 Bb7 10. Kb1 Nb6 11. h4 h5 12. Ng5 d5 13. exd5 Nbxd5 14. Nce4 Nxe3 15. Qxe3 O-O 16. c3 Nf5 17. Qe2 b4 18. g4 hxg4 19. h5 bxc3 20. hxg6 fxg6 21. Nc5 Nxd4 22. Qh2 Bxh1 23. Qh7# 1-0

[Event "January 9 Early 2024"]
[Site "https://www.chess.com"]
[Date "2024.01.11"]
[Round "6"]
[White "Srihari L R"]
[Black "Mabusela, Johannes Manyedi"]
[Result "1-0"]
[Board "24"]
[TimeControl "180+1"]
[WhiteFideId "46617116"]
[BlackFideId "14300702"]
[WhiteElo "2679"]
[BlackElo "2408"]
[WhiteTeam "IND"]
[BlackTeam "RSA"]
[WhiteClock "0:01:53"]
[BlackClock "0:01:15"]

1. Nf3 c5 2. g3 Nc6 3. Bg2 g6 4. O-O Bg7 5. c3 d6 6. d4 cxd4 7. cxd4 Nf6 8. Nc3 O-O 9. h3 d5 10. Ne5 e6 11. f4 Nxe5 12. fxe5 Nd7 13. e4 dxe4 14. Nxe4 h6 15. Be3 Rb8 16. Qd2 Kh7 17. Rf2 b6 18. Raf1 Qe7 19. Nf6+ Kh8 20. Bxh6 Ba6 21. Qg5 Bxf1 22. Qh4 Nxf6 23. Bxg7+ 1-0

[Event "January 9 Early 2024"]
[Site "https://www.chess.com"]
[Date "2024.01.11"]
[Round "6"]
[White "Alexanian, Nelli"]
[Black "Piscicelli, Daniel Orlando"]
[Result "1-0"]
[Board "25"]
[TimeControl "180+1"]
[WhiteFideId "4170539"]
[BlackFideId "101958"]
[WhiteElo "1960"]
[BlackElo "2224"]
[WhiteTeam "TUR"]
[BlackTeam "ARG"]
[WhiteClock "0:01:47"]
[BlackClock "0:01:02"]

1. d4 Nf6 2. c4 g6 3. h4 Bg7 4. Nc3 d5 5. h5 Nxh5 6. cxd5 Nf6 7. e4 c6 8. Bc4 Bd7 9. Bh6 Rg8 10. Nf3 cxd5 11. Nxd5 Qa5+ 12. b4 Qc7 13. Nxc7+ 1-0

[Event "January 9 Early 2024"]
[Site "https://www.chess.com"]
[Date "2024.01.11"]
[Round "6"]
[White "Pesotskiy, Mikhail"]
[Black "Joubert, Dantelle"]
[Result "1-0"]
[Board "26"]
[TimeControl "180+1"]
[WhiteFideId "34164453"]
[BlackFideId "14310813"]
[WhiteElo "2476"]
[BlackElo "2049"]
[WhiteTeam "RUS"]
[BlackTeam "RSA"]
[WhiteClock "0:02:05"]
[BlackClock "0:00:58"]

1. d4 d5 2. c4 c6 3. Nf3 Nf6 4. e3 e6 5. Nbd2 Nbd7 6. b3 Bd6 7. Bb2 O-O 8. Bd3 Re8 9. Ne5 a5 10. O-O a4 11. f4 a3 12. Bc3 c5 13. Rf3 cxd4 14. exd4 dxc4 15. bxc4 b5 16. cxb5 Nd5 17. Bxh7+ Kxh7 18. Rh3+ Kg8 19. Qh5 1-0

[Event "January 9 Early 2024"]
[Site "https://www.chess.com"]
[Date "2024.01.11"]
[Round "6"]
[White "Anton Guijarro, David"]
[Black "Cristobal, Manuel"]
[Result "1-0"]
[Board "27"]
[TimeControl "180+1"]
[WhiteFideId "2285525"]
[BlackFideId "112879"]
[WhiteElo "2983"]
[BlackElo "2704"]
[WhiteTeam "ESP"]
[BlackTeam "ARG"]
[WhiteClock "0:01:24"]
[BlackClock "0:01:14"]

1. Nf3 b6 2. g3 Bb7 3. Bg2 Nf6 4. O-O e6 5. c4 c5 6. d3 Be7 7. e4 d6 8. Nc3 O-O 9. Ne1 Nc6 10. f4 a6 11. g4 Nd4 12. g5 Nd7 13. Ne2 b5 14. h4 Qb6 15. b3 f5 16. Nxd4 cxd4 17. exf5 Rxf5 18. Qe2 d5 19. cxb5 axb5 20. Bh3 Bb4 21. Bxf5 exf5 22. Nf3 Bd2 23. Bxd2 1-0

[Event "January 9 Early 2024"]
[Site "https://www.chess.com"]
[Date "2024.01.11"]
[Round "6"]
[White "Vakhlamov, Igor L."]
[Black "Kanyamarala, Tarun"]
[Result "1-0"]
[Board "28"]
[TimeControl "180+1"]
[WhiteFideId "24126748"]
[BlackFideId "45004714"]
[WhiteElo "2761"]
[BlackElo "2520"]
[WhiteTeam "RUS"]
[BlackTeam "IRL"]
[WhiteClock "0:01:15"]
[BlackClock "0:01:27"]

1. e4 e5 2. Nf3 d6 3. d4 exd4 4. Qxd4 Nc6 5. Bb5 Bd7 6. Bxc6 Bxc6 7. Nc3 Nf6 8. Bg5 Be7 9. O-O-O O-O 10. e5 dxe5 11. Qxe5 Bd6 12. Qd4 h6 13. Bf4 Bxf4+ 14. Qxf4 Qc8 15. Ne5 Bd7 16. Nxd7 Nxd7 17. Nd5 Kh8 18. Rhe1 c6 19. Ne7 Qb8 20. Rd6 Nf6 21. Rxf6 Qxf4+ 22. Rxf4 1-0

[Event "January 9 Early 2024"]
[Site "https://www.chess.com"]
[Date "2024.01.11"]
[Round "6"]
[White "Thake, Conrad"]
[Black "Fernandez Siles, Luis"]
[Result "0-1"]
[Board "29"]
[TimeControl "180+1"]
[WhiteFideId "5602947"]
[BlackFideId "2209420"]
[WhiteElo "1849"]
[BlackElo "2283"]
[WhiteTeam "MLT"]
[BlackTeam "ESP"]
[WhiteClock "0:00:56"]
[BlackClock "0:01:41"]

1. c4 Nf6 2. Nc3 g6 3. d4 d5 4. cxd5 Nxd5 5. e4 Nxc3 6. bxc3 Bg7 7. Be3 O-O 8. Bc4 c5 9. Ne2 Qc7 10. Bb3 Nd7 11. O-O b5 12. Rc1 Bb7 13. Bf4 Qb6 14. e5 e6 15. Be3 Qc6 16. f3 Rfd8 17. Ng3 Nxe5 18. Ne4 cxd4 19. cxd4 Nc4 20. Nc5 Nxe3 21. Nxb7 Qxb7 22. Qd3 Nxf1 0-1

[Event "January 9 Early 2024"]
[Site "https://www.chess.com"]
[Date "2024.01.11"]
[Round "6"]
[White "Salman, Ilhan Serhat"]
[Black "Mihajlovskij, Sergei"]
[Result "1-0"]
[Board "30"]
[TimeControl "180+1"]
[WhiteFideId "6361579"]
[BlackFideId "13500805"]
[WhiteElo "2500"]
[BlackElo "2217"]
[WhiteTeam "TUR"]
[BlackTeam "BLR"]
[WhiteClock "0:01:19"]
[BlackClock "0:01:42"]

1. e4 d5 2. exd5 Qxd5 3. Nc3 Qe5+ 4. Be2 Bg4 5. h3 Bxe2 6. Ngxe2 Nf6 7. O-O Qd6 8. d4 c6 9. Bf4 Qd8 10. Re1 e6 11. Ng3 Bd6 12. Bxd6 Qxd6 13. Nge4 Qe7 14. Nxf6+ gxf6 15. Ne4 f5 16. Nc5 b6 17. Nd3 Nd7 18. Qf3 Rc8 19. Re2 Kd8 20. Ne5 Nxe5 21. Rxe5 Rg8 22. Rae1 Qg5 23. g3 Kc7 24. c4 Kb8 25. d5 cxd5 26. cxd5 h5 27. dxe6 fxe6 28. Rxe6 h4 29. Re7 Rc7 30. Rxc7 Kxc7 31. Kg2 hxg3 32. Qxg3+ Qxg3+ 33. fxg3 Rd8 34. Kf3 Rd2 35. Re2 Rd3+ 36. Kf4 Rd5 37. h4 1-0